 Dungeon Crawl Stone Soup version 0.18.1-48-g4cf74bf (webtiles) character file.

70 GFox the Chiller (level 4, -1/36 HPs)
             Began as a Naga Wanderer on Sept 11, 2016.
             Slain by GFox's ghost (15 damage)
             ... on level 3 of the Dungeon.
             The game lasted 00:20:53 (2140 turns).

GFox the Chiller (Naga Wanderer)                    Turns: 2140, Time: 00:20:54

Health: -1/36      AC:  2    Str: 14    XL:     4   Next: 21%
Magic:  1/9        EV:  9    Int: 14    God:
Gold:   68         SH:  0    Dex: 10    Spells: 4 memorised, 2 levels left

rFire  . . .     SeeInvis +     d - +0 blowgun
rCold  . . .     Gourm    .     e - +0 robe
rNeg   . . .     Faith    .     (no shield)
rPois  +         Spirit   .     (no helmet)
rElec  .         Dismiss  .     (no cloak)
rCorr  .         Reflect  .     (no gloves)
SustAt .         Harm     .     (no barding)
MR     .....                    (no amulet)
Stlth  ++........               (no ring)
                                j - ring of poison resistance

@: very slow, not resistant to hostile enchantments, unstealthy
A: see invisible, deformed body, poison resistance, slowness 2, slow metabolism
1, spit poison 2, AC +1
a: Spit Poison


You were on level 3 of the Dungeon.
You were not hungry.

You visited 1 branch of the dungeon, and saw 3 of its levels.

You collected 68 gold pieces.

Inventory:

Hand Weapons
 d - a +0 blowgun (weapon)
Missiles
 c - 54 poisoned needles (quivered)
Armour
 e - a +0 robe (worn)
Jewellery
 j - a ring of poison resistance (left hand)
Scrolls
 h - a scroll of identify {unknown}
Potions
 k - 2 potions of curing {unknown}
Books
 a - a book of Frost

   Spells                             Type                      Level
   a - Freeze                         Ice                          1
   b - Throw Frost                    Conjuration/Ice              2
   c - Ozocubu's Armour               Charms/Ice                   3
   d - Throw Icicle                   Conjuration/Ice              4
   e - Summon Ice Beast               Ice/Summoning                4
 b - the Reference Book on Feathers

   Spells                             Type                      Level
   a - Shock                          Conjuration/Air              1
   b - Mephitic Cloud                 Conjuration/Poison/Air       3
Comestibles
 f - 3 chunks of flesh


   Skills:
 + Level 1.5 Throwing
 + Level 0.2 Dodging
 + Level 1.2 Stealth
 + Level 3.7 Spellcasting
 + Level 1.4 Conjurations
 + Level 4.3 Ice Magic
 + Level 0.8 Air Magic
   Level 1.0 Evocations


You had 2 spell levels left.
You knew the following spells:

 Your Spells              Type           Power        Failure   Level  Hunger
a - Shock                 Conj/Air       #...         14%         1    None
b - Freeze                Ice            ##..         3%          1    None
c - Mephitic Cloud        Conj/Pois/Air  #.......     47%         3    ###....
d - Ozocubu's Armour      Chrm/Ice       #.......     24%         3    ###....


Dungeon Overview and Level Annotations

Branches:
Dungeon (3/15)

Altars:
Kikubaaqudgha

Annotations:
D:3 GFox's ghost, amateur MiFi


Innate Abilities, Weirdness & Mutations

You cannot wear boots.
Your serpentine skin is tough (AC +1).
You have supernaturally acute eyesight.
Armour fits poorly on your strangely shaped body.
Your system is resistant to poisons.
You cover ground very slowly.
You have a slow metabolism.
You can spit poison.


Message History

You freeze GFox's ghost.
GFox's ghost is moderately damaged.
GFox's ghost hits you but does no damage.
Casting: Freeze
Confirm with . or Enter, or press ? or * to list all spells.
Aiming: Freeze
Press: ? - help, Shift-Dir - straight line, f/p - GFox's ghost
Aim: GFox's ghost (moderately damaged)
You freeze GFox's ghost.
GFox's ghost is heavily damaged.
GFox's ghost hits you!
Casting: Freeze
Confirm with . or Enter, or press ? or * to list all spells.
Aiming: Freeze
Press: ? - help, Shift-Dir - straight line, f/p - GFox's ghost
Aim: GFox's ghost (heavily damaged)
You freeze GFox's ghost.
GFox's ghost is heavily damaged.
GFox's ghost hits you!
You die...

#.# #.# ###.# ...#
#.## #..##
#.######.#.#####.#.#
#..W....###W........
#..###.## ##@#####.
#.....## ##.#
##.###.## #.##
##.###.. ##.#.# ##.#
##.#########
#..<รท.......
##.########.


You could see GFox's ghost.

Vanquished Creatures
  4 adders (D:2)
  A giant cockroach (D:2)
  3 goblins
  3 hobgoblins
  3 jackals (D:2)
  5 kobolds
  A quokka (D:2)
  6 bats
  4 giant newts (D:1)
  5 rats
35 creatures vanquished.

Notes
Turn   | Place    | Note
--------------------------------------------------------------
     0 | D:1      | GFox the Naga Wanderer began the quest for the Orb.
     0 | D:1      | GFox set off with: a book of Frost, the Reference Book on Feathers, 14 poisoned needles, a +0 blowgun, a +0 robe, a bread ration
     0 | D:1      | Reached XP level 1. HP: 15/15 MP: 4/4
     3 | D:1      | Learned a level 1 spell: Shock
     5 | D:1      | Learned a level 1 spell: Freeze
   366 | D:1      | Reached XP level 2. HP: 22/22 MP: 3/6
  1094 | D:2      | Reached XP level 3. HP: 14/28 MP: 1/8
  1375 | D:2      | Found an ancient bone altar of Kikubaaqudgha.
  1407 | D:2      | Learned a level 3 spell: Mephitic Cloud
  1411 | D:2      | Learned a level 3 spell: Ozocubu's Armour
  1559 | D:2      | Reached skill level 1 in Stealth
  1793 | D:2      | Reached XP level 4. HP: 36/36 MP: 6/9
  2125 | D:3      | Noticed GFox's ghost (amateur MiFi)
  2140 | D:3      | Slain by GFox's ghost

Skill      XL: |  1  2  3 |
---------------+----------+-----
Stealth        | 1 |  1.2
Throwing       | |  1.5
Dodging        | |  0.2
Spellcasting   | |  3.7
Conjurations   | |  1.4
Ice Magic      | |  4.3
Air Magic      | |  0.8
Evocations     | |  1.0

Action                   |  1- 3 |  4- 6 || total
-------------------------+-------+-------++-------
 Fire: Blowgun           |    27 |       ||    27
 Cast: Shock             |    45 |     4 ||    49
       Freeze            |     8 |    12 ||    20
       Ozocubu's Armour  |     2 |       ||     2
 Abil: Spit Poison       |     1 |       ||     1
  Use: Scroll            |     2 |       ||     2
  Eat: Bread ration      |     1 |       ||     1
Armor: Robe              |    10 |     1 ||    11
Dodge: Dodged            |    24 |     4 ||    28
